 Dungeon Crawl Stone Soup version 0.27.0-1-g7a089689b8 (webtiles) character file.

Game seed: 9801312010177585747

71029 nicksoapdish the Frost Mage (level 14, -2/89 HPs)
             Began as a Demonspawn Ice Elementalist on Aug 16, 2021.
             Was the Champion of Qazlal.
             Slain by an orc warlord (5 damage)
             ... on level 10 of the Dungeon on Aug 17, 2021.
             The game lasted 02:30:05 (26367 turns).

nicksoapdish the Frost Mage (DsIE)                 Turns: 26367, Time: 02:30:05

Health: -2/89      AC: 37    Str:  9    XL:     14   Next: 96%
Magic:  11/29      EV: 17    Int: 21    God:    Qazlal [******]
Gold:   1948       SH:  8    Dex: 20    Spells: 1/35 levels left

rFire    x . .     SeeInvis .   a - staff of cold
rCold    + + .     Faith    .   (no shield)
rNeg     . . .     Spirit   .   g - +2 robe {Will+}
rPois    .         Reflect  .   l - +2 hat
rElec    .         Harm     .   Y - +2 cloak {rCorr}
rCorr    +         Rampage  +   E - +0 pair of gloves
Will     ++...                  v - +2 pair of boots {rampage}
Stlth    +.........             u - amulet of magic regeneration
HPRegen  0.24/turn              m - ring of ice
MPRegen  0.46/turn              q - +6 ring of dexterity

@: ice-armoured, protected from physical damage, sanguine armoured, freezing
walls, repel missiles
A: antennae 2, powered by pain 2, spiny 1, sanguine armour 2
a: Renounce Religion, Upheaval, Elemental Force, Disaster Area


You were on level 10 of the Dungeon.
You worshipped Qazlal.
Qazlal was exalted by your worship.
You visited 5 branches of the dungeon, and saw 22 of its levels.
You also visited: Volcano.

You collected 2219 gold pieces.
You spent 271 gold pieces at shops.

Inventory:

Hand Weapons
 b - the +2 hunting sling of Inconvenience {venom, rElec rPois rCorr Int-2}
   (You took it off a gnoll on level 4 of the Dungeon)

   Any ammunition fired from it poisons the flesh of those it strikes.
   Int:       It affects your intelligence (-2).
   rElec:     It insulates you from electricity.
   rPois:     It protects you from poison.
   rCorr:     It protects you from acid and corrosion.
Missiles
 P - 57 sling bullets
Armour
 g - a +2 robe of willpower (worn)
 i - a +2 pair of boots
 l - a +2 hat (worn)
 v - a +2 pair of boots of rampaging (worn)
 E - a +0 pair of gloves (worn)
 Y - a +2 cloak of preservation (worn)
Magical Staves
 a - a staff of cold (weapon)
Jewellery
 m - a ring of ice (left hand)
 q - a +6 ring of dexterity (right hand)
 u - an amulet of magic regeneration (around neck)
 C - an amulet of the acrobat
 H - a ring of protection from cold
 X - a ring of see invisible
Wands
 j - a wand of acid (9)
 o - a wand of paralysis (25)
 w - a wand of polymorph (11)
 x - a wand of digging (10)
 F - a wand of iceblast (7)
 G - a wand of mindburst (20)
Scrolls
 d - 5 scrolls of immolation
 e - a scroll of enchant armour
 r - 7 scrolls of teleportation
 y - 2 scrolls of silence
 A - 2 scrolls of summoning
 B - a scroll of fog
 D - a scroll of noise {unknown}
 I - 2 scrolls of enchant weapon
 K - a scroll of fear
 M - 3 scrolls of amnesia
 N - a scroll of vulnerability {unknown}
 O - 4 scrolls of blinking
 Q - a scroll of torment
 R - a scroll of brand weapon
 V - 2 scrolls of magic mapping
Potions
 f - 3 potions of flight
 h - 2 potions of brilliance
 k - 2 potions of ambrosia
 n - 3 potions of lignification
 p - 3 potions of mutation
 s - 2 potions of resistance
 t - 2 potions of cancellation
 z - 5 potions of magic
 J - 4 potions of curing
 T - a potion of invisibility
 U - 4 potions of might
 W - 2 potions of attraction {unknown}
 Z - a potion of haste
Miscellaneous
 L - a phial of floods
 S - a lightning rod (4/4)


   Skills:
 * Level 1.7 Fighting
 - Level 2.8 Short Blades
 + Level 0.1 Slings
 * Level 7.2 Dodging
 - Level 1.7 Stealth
 - Level 1.1 Shields
 * Level 1.5 Unarmed Combat
 - Level 11.0 Spellcasting
 - Level 9.3 Conjurations
 - Level 6.7 Hexes
 - Level 6.0 Translocations
 * Level 1.1 Transmutations
 + Level 12.8 Ice Magic
 + Level 5.9 Air Magic
 - Level 6.0 Earth Magic
 - Level 5.1 Poison Magic
 * Level 7.8 Invocations
 * Level 1.3 Evocations


You had one spell level left.
You knew the following spells:

 Your Spells              Type           Power      Damage    Failure   Level
a - Freeze                Ice            100%       1d11      1%          1
b - Frozen Ramparts       Ice            100%       1d12      1%          3
c - Ozocubu's Armour      Ice            99%        N/A       1%          3
d - Hailstorm             Conj/Ice       92%        3d18      1%          4
e - Magic Dart            Conj           100%       1d8       1%          1
f - Gell's Gravitas       Tloc           18%        N/A       1%          3
g - Teleport Other        Tloc           37%        N/A       1%          3
h - Searing Ray           Conj           100%       3d7       1%          2
i - Mephitic Cloud        Conj/Pois/Air  40%        N/A       1%          3
j - Stone Arrow           Conj/Erth      86%        3d12      1%          3
k - Ice Form              Ice/Tmut       75%        N/A       3%          4
l - Fulminant Prism       Conj/Hex       22%        3d13      2%          4

Your spell library contained the following spells:

 Spells                   Type           Power      Damage    Failure   Level
 Slow                     Hex            39%        N/A       1%          2
 Confusing Touch          Hex            39%        N/A       1%          3
 Dazzling Flash           Conj/Hex       90%        N/A       1%          3
 Portal Projectile        Hex/Tloc       76%        N/A       1%          3
 Corpse Rot               Necr/Air       N/A        N/A       2%          2
 Freezing Cloud           Conj/Ice/Air   42%        6-21      3%          5
 Summon Ice Beast         Ice/Summ       72%        N/A       4%          4
 Lightning Bolt           Conj/Air       21%        1d36      7%          5
 Call Imp                 Summ           11%        N/A       9%          2
 Vampiric Draining        Necr           5%         2d6       17%         3
 Animate Armour           Summ/Erth      48%        N/A       17%         4
 Summon Lightning Spire   Summ/Air       24%        N/A       17%         4
 Irradiate                Conj/Tmut      16%        3d19      19%         5
 Bolt of Magma            Conj/Fire/Erth 16%        4d9       21%         5
 Iron Shot                Conj/Erth      21%        9d5       36%         6
 Borgnjor's Vile Clutch   Necr/Erth      12%        N/A       43%         5
 Animate Dead             Necr           5%         N/A       50%         4
 Dispel Undead            Necr           11%        3d9       50%         4
 Simulacrum               Ice/Necr       36%        N/A       54%         6
 Dispersal                Tloc           18%        N/A       58%         6
 Blade Hands              Tmut           8%         N/A       69%         5
 Starburst                Conj/Fire      15%        8x6d6     78%         6
 Excruciating Wounds      Necr           5%         N/A       85%         5
 Death Channel            Necr           5%         N/A       100%        6
 Dragon Form              Tmut           8%         N/A       100%        7
 Storm Form               Tmut/Air       13%        N/A       100%        7
 Maxwell's Capacitive Co  Air            18%        ∞         100%        8
 Chain Lightning          Conj/Air       21%        3d28      100%        9
 Polar Vortex             Ice            49%        N/A       100%        9
 Shatter                  Erth           18%        3d17*     100%        9


Dungeon Overview and Level Annotations

Branches:
Dungeon (13/15)            Temple (1/1) D:6            Lair (6/6) D:8
  Swamp (1/4) Lair:2        Snake (0/4) Lair:4        Slime (0/5) Lair:6
    Orc (1/2) D:10        Volcano (visited)
 Vaults: D:13-14

Altars:
Cheibriados
Dithmenos
Elyvilon
Fedhas
Gozag
Kikubaaqudgha
Makhleb
Nemelex Xobeh
Okawaru
Qazlal
Ru
Sif Muna
Trog
Uskayaw
Vehumet
Wu Jian
Yredelemnul
The Shining One

Shops:
D:2 =   D:3 [   D:4 :   D:6 ?   D:8 (

Portals:
Trove: D:10 (give 8 potions of haste)

Annotations:
D:13 Snorg


Innate Abilities, Weirdness & Mutations

You have a pair of antennae on your head.
You sometimes gain power by taking damage.
You are partially covered in sharp spines.
When seriously injured, your bleeding wounds create thick armour. (AC +9)


Message History

Casting: Stone Arrow (safe; 1% risk of failure)
Confirm with . or Enter, or press ? or * to list all spells.
Aiming: Stone Arrow (safe; 1% risk of failure)
Press: ? - help, Shift-Dir - straight line, f/p - orc warlord
Aim: an orc warlord, wielding a +4 vorpal war axe, wearing a +0 plate armour and wearing a +0 tower shield (thunder, moderately wounded, 92% to hit)
The stone arrow hits the orc warlord!!
The orc warlord is heavily wounded.
The orc warlord is struck by lightning.
The wall freezes the orc warlord.
The orc warlord hits you but does no damage.
You block the orc warrior's attack.
Casting: Stone Arrow (safe; 1% risk of failure)
Confirm with . or Enter, or press ? or * to list all spells.
Aiming: Stone Arrow (safe; 1% risk of failure)
Press: ? - help, Shift-Dir - straight line, f/p - orc warlord
Aim: an orc warlord, wielding a +4 vorpal war axe, wearing a +0 plate armour and wearing a +0 tower shield (thunder, severely wounded, 92% to hit)
The stone arrow hits the orc warlord!
The orc warlord is almost dead.
The wall freezes the orc warlord.
The orc warlord closely misses you.
The orc warrior is struck by your spines.
The orc warrior hits you with a +0 long sword!
You feel more protected from physical attacks.
Casting: Stone Arrow (safe; 1% risk of failure)
Confirm with . or Enter, or press ? or * to list all spells.
Aiming: Stone Arrow (safe; 1% risk of failure)
Press: ? - help, Shift-Dir - straight line, f/p - orc warlord
Aim: an orc warlord, wielding a +4 vorpal war axe, wearing a +0 plate armour and wearing a +0 tower shield (almost dead, 92% to hit)
The orc warlord blocks the stone arrow.
The wall freezes the orc warlord.
The orc warlord hits you with a +4 vorpal war axe!
The orc warrior is struck by your spines.
The orc warrior hits you but does no damage.
Casting: Stone Arrow (safe; 1% risk of failure)
Confirm with . or Enter, or press ? or * to list all spells.
Aiming: Stone Arrow (safe; 1% risk of failure)
Press: ? - help, Shift-Dir - straight line, f/p - orc warlord
Aim: an orc warlord, wielding a +4 vorpal war axe, wearing a +0 plate armour and wearing a +0 tower shield (almost dead, 92% to hit)
The orc warlord blocks the stone arrow.
The wall freezes the orc warlord!
The orc warlord is struck by your spines.
The orc warlord hits you with a +4 vorpal war axe!!
* * * LOW HITPOINT WARNING * * *
You die...

.##....##..........####..#
# #.##..##.#.........#
#..# #
.#.#..#.#.#......>.# #..#
# #.#....#.##........#
#..# #
##......##.#.......# #..#
# ..........#.#..#...#
#..# #
.......(...##..#○○☼# #..#
# .............#.#[.○#
#..# #
...............#@.○# #..#
# ...........##.##oo.#
#..########
...........##.....§#
#..........
...........#####...#
#..)[...... ...........#
#...# #...#######
...........# #.[)# #...#
...........# #...####...#
...........# #..........#
...........# #..#####[..#


You could see an orc warlord and an orc warrior (strong).

Vanquished Creatures
  A thorn hunter (Swamp:1)
  An eleionoma (Swamp:1)
  Erolcha (D:11)
  8 hydras
  2 catoblepae
  A deep troll shaman (Lair:6)
  22 death yaks
  2 alligators
  2 two-headed ogres (D:12)
  A sun demon (Volcano)
  Nergalle (D:10)
  A spriggan (Swamp:1)
  A hell knight (Volcano)
  A bog body (Swamp:1)
  2 lindwurms
  A cyclops (D:12)
  An ugly thing (D:11)
  9 elephants
  2 rust devils
  6 black mambas
  13 cane toads
  A torpor snail (Lair:4)
  A gargoyle (D:11)
  A kobold demonologist (D:12)
  Maggie (D:7)
  5 yaktaurs (D:12)
  5 rime drakes
  8 komodo dragons
  A red devil (Volcano)
  4 polar bears
  3 trolls
  A hornet (Swamp:1)
  2 tyrant leeches (Swamp:1)
  11 blink frogs
  Sigmund (D:3)
  A wraith (D:13)
  2 wyverns
  57 yaks
  4 basilisks
  2 steam dragons
  6 vampire mosquitoes
  A warg (D:10)
  2 swamp worms (Swamp:1)
  3 acid dragons
  A naga (Lair:4)
  Duvessa (D:4)
  15 water moccasins
  3 hell hounds (Volcano)
  A sky beast (D:6)
  2 ice beasts
  12 orc warriors
  2 black bears
  2 hornet zombies (D:6)
  A swamp drake (Swamp:1)
  A necrophage (D:8)
  21 wolves
  3 ogres
  4 centaurs
  A phantom (D:5)
  2 kobold brigands
  11 bullfrogs
  A wyvern zombie (D:7)
  Dowan (D:4)
  A scorpion (D:5)
  2 water moccasin zombies (D:5)
  A wyvern skeleton (D:5)
  A water moccasin skeleton (D:4)
  15 killer bees
  4 wights (D:10)
  9 howler monkeys
  2 lava snakes (D:11)
  A centaur zombie (D:9)
  A gnoll shaman (D:4)
  2 centaur skeletons
  3 hounds
  2 jellies
  10 orc priests
  An iguana (D:6)
  Jessica (D:3)
  Terence (D:3)
  7 orc wizards
  2 killer bee zombies
  A howler monkey skeleton (D:4)
  8 gnolls
  9 adders
  5 shadow imps
  An ufetubus (D:6)
  2 worms (D:2)
  A dart slug (D:2)
  42 orcs
  5 ball pythons
  3 bats
  12 endoplasms
  3 giant cockroaches
  7 goblins
  6 hobgoblins
  7 jackals
  3 quokkas
  2 frilled lizards
  18 kobolds
  8 rats
496 creatures vanquished.

Vanquished Creatures (others)
  3 fulminant prisms
  40 fungi
  64 plants
107 creatures vanquished.

Grand Total: 603 creatures vanquished

Notes
Turn   | Place    | Note
-------+----------+-------------------------------------------
     0 | D:1      | nicksoapdish the Demonspawn Ice Elementalist began the
                  | quest for the Orb.
     0 | D:1      | Reached XP level 1. HP: 13/13 MP: 3/3
   355 | D:1      | Gained mutation: When seriously injured, your bleeding
                  | wounds create armour. (AC +9) [demonic ancestry]
   355 | D:1      | Reached XP level 2. HP: 19/19 MP: 1/5
   478 | D:1      | Reached skill level 4 in Ice Magic
   756 | D:1      | Found a faded altar of an unknown god.
  1219 | D:2      | Gained mutation: You sometimes gain a little power by
                  | taking damage. [demonic ancestry]
  1219 | D:2      | Reached XP level 3. HP: 22/24 MP: 1/7
  1223 | D:2      | Learned a level 3 spell: Frozen Ramparts
  1227 | D:2      | Learned a level 3 spell: Ozocubu's Armour
  1729 | D:2      | Found Eloz's Jewellery Boutique.
  1735 | D:2      | Gained mutation: When seriously injured, your bleeding
                  | wounds create thick armour. (AC +9) [demonic ancestry]
  1735 | D:2      | Reached XP level 4. HP: 30/30 MP: 8/8
  2217 | D:3      | Noticed Jessica
  2259 | D:3      | Noticed Terence
  2273 | D:3      | Killed Terence
  2324 | D:3      | Noticed Sigmund
  2340 | D:3      | Killed Sigmund
  2341 | D:3      | Reached skill level 5 in Ice Magic
  2341 | D:3      | Reached XP level 5. HP: 18/35 MP: 0/11
  2341 | D:3      | Gained mutation: You sometimes gain power by taking damage.
                  | [demonic ancestry]
  2341 | D:3      | Reached XP level 6. HP: 21/41 MP: 0/12
  2346 | D:3      | Learned a level 4 spell: Hailstorm
  2550 | D:3      | Killed Jessica
  2692 | D:3      | Found Nigio's Armour Emporium.
  2958 | D:4      | Noticed Duvessa
  2958 | D:4      | Noticed Dowan
  3028 | D:4      | Killed Duvessa
  3030 | D:4      | Killed Dowan
  3031 | D:4      | Reached skill level 5 in Spellcasting
  3031 | D:4      | Reached skill level 1 in Conjurations
  3165 | D:4      | Gained mutation: You have a pair of small antennae on your
                  | head. [demonic ancestry]
  3165 | D:4      | Reached XP level 7. HP: 41/46 MP: 9/14
  3243 | D:4      | Identified the +2 hunting sling of Inconvenience {venom,
                  | rElec rPois rCorr Int-2}
  3250 | D:4      | Reached skill level 6 in Ice Magic
  3375 | D:4      | Found a transporter.
  3397 | D:4      | Found a transporter.
  3628 | D:4      | Found Onexki's Book Shoppe.
  3701 | D:4      | Reached skill level 1 in Short Blades
  4219 | D:5      | Entered Level 5 of the Dungeon
  4219 | D:5      | Noticed a steam dragon
  4225 | D:5      | Killed a steam dragon
  4246 | D:5      | Reached XP level 8. HP: 31/52 MP: 10/16
  4831 | D:5      | Learned a level 1 spell: Magic Dart
  5062 | D:5      | Learned a level 3 spell: Gell's Gravitas
  5430 | D:5      | Reached skill level 1 in Translocations
  5430 | D:5      | Reached skill level 7 in Ice Magic
  5624 | D:6      | Found a staircase to the Ecumenical Temple.
  5632 | Temple   | Entered the Ecumenical Temple
  5692 | Temple   | Became a worshipper of Qazlal Stormbringer
  6147 | D:6      | Found Nigeysuw's Magic Scroll Shoppe.
  6394 | D:6      | Gained mutation: You are partially covered in sharp spines.
                  | [demonic ancestry]
  6394 | D:6      | Reached XP level 9. HP: 57/57 MP: 8/19
  6416 | D:6      | Learned a level 3 spell: Teleport Other
  6558 | D:6      | Learned a level 2 spell: Searing Ray
  7148 | D:7      | Noticed Maggie
  7159 | D:7      | Killed Maggie
  7360 | D:7      | Reached * piety under Qazlal
  7886 | D:8      | Learned a level 3 spell: Mephitic Cloud
  7915 | D:8      | Found a snail-covered altar of Cheibriados.
  8153 | D:8      | Reached skill level 1 in Poison Magic
  8203 | D:8      | Reached skill level 8 in Ice Magic
  8302 | D:8      | Found a staircase to the Lair.
  8303 | D:8      | Noticed a komodo dragon
  8319 | D:8      | Killed a komodo dragon
  8427 | D:8      | Found Ciotzaot's Weapon Emporium.
  8513 | D:8      | Reached XP level 10. HP: 63/63 MP: 19/22
  8552 | D:9      | Reached skill level 1 in Air Magic
  8636 | D:9      | Reached ** piety under Qazlal
  8637 | D:9      | Reached skill level 5 in Conjurations
  9142 | D:9      | Learned a level 3 spell: Stone Arrow
  9567 | D:10     | Entered Level 10 of the Dungeon
  9674 | Lair:1   | Entered Level 1 of the Lair of Beasts
  9844 | Lair:1   | Reached skill level 1 in Earth Magic
  9855 | Lair:1   | Noticed a cane toad
  9864 | Lair:1   | Killed a cane toad
  9956 | Lair:1   | Noticed a six-headed hydra
  9969 | Lair:1   | Killed a six-headed hydra
  9970 | Lair:1   | Reached XP level 11. HP: 57/68 MP: 13/24
 10058 | Lair:1   | Found a dark tunnel.
 10065 | Volcano  | Entered a volcano
 10085 | Volcano  | Reached *** piety under Qazlal
 10086 | Volcano  | Reached skill level 5 in Translocations
 10137 | Volcano  | Noticed a sun demon
 10141 | Volcano  | Killed a sun demon
 10213 | Volcano  | Noticed a hell knight
 10220 | Volcano  | Killed a hell knight
 11104 | Lair:2   | Reached skill level 9 in Ice Magic
 11179 | Lair:2   | Noticed a catoblepas
 11186 | Lair:2   | Killed a catoblepas
 11505 | Lair:2   | Learned a level 3 spell: Confusing Touch
 11866 | Lair:2   | Found a staircase to the Swamp.
 12180 | Lair:3   | Reached skill level 5 in Poison Magic
 12201 | Lair:3   | Reached skill level 10 in Spellcasting
 12218 | Lair:3   | Reached skill level 1 in Shields
 12287 | Lair:3   | Noticed a four-headed hydra
 12296 | Lair:3   | Killed a four-headed hydra
 12296 | Lair:3   | Reached **** piety under Qazlal
 12297 | Lair:3   | Gained mutation: You have a pair of antennae on your head.
                  | [demonic ancestry]
 12297 | Lair:3   | Reached XP level 12. HP: 74/74 MP: 11/26
 12758 | Lair:3   | Reached skill level 1 in Hexes
 13353 | D:6      | Bought a scroll of identify for 30 gold pieces
 13353 | D:6      | Bought a scroll of identify for 30 gold pieces
 13353 | D:6      | Bought a scroll of identify for 30 gold pieces
 13803 | Lair:4   | Reached skill level 5 in Air Magic
 13808 | Lair:4   | Found a frozen archway.
 14077 | Lair:4   | Reached skill level 10 in Ice Magic
 14103 | Lair:4   | Noticed a seven-headed hydra
 14111 | Lair:4   | Killed a seven-headed hydra
 14350 | Lair:4   | Noticed a death yak
 14361 | Lair:4   | Noticed a death yak
 14362 | Lair:4   | Noticed a death yak
 14363 | Lair:4   | Killed a death yak
 14363 | Lair:4   | Noticed a death yak
 14364 | Lair:4   | Noticed a death yak
 14400 | Lair:4   | Killed a death yak
 14402 | Lair:4   | Noticed a death yak
 14403 | Lair:4   | Killed a death yak
 14412 | Lair:4   | Killed a death yak
 14423 | Lair:4   | Noticed a death yak
 14467 | Lair:4   | Killed a death yak
 14850 | Lair:4   | Found a staircase to the Snake Pit.
 15126 | Lair:4   | Reached XP level 13. HP: 79/79 MP: 11/28
 15328 | Lair:4   | Reached skill level 1 in Invocations
 15417 | Lair:4   | Learned a level 4 spell: Fulminant Prism
 15540 | Lair:5   | Reached skill level 5 in Dodging
 16751 | Lair:6   | Entered Level 6 of the Lair of Beasts
 17271 | Lair:6   | Reached skill level 5 in Earth Magic
 17332 | Lair:6   | Reached skill level 11 in Ice Magic
 17993 | Lair:6   | Reached ***** piety under Qazlal
 17994 | Lair:6   | Reached skill level 5 in Hexes
 18108 | Lair:6   | Reached skill level 5 in Invocations
 18918 | Lair:6   | Reached XP level 14. HP: 66/85 MP: 13/29
 19155 | Lair:6   | Found a staircase to the Slime Pits.
 21072 | D:3      | Bought a +1 cloak of preservation for 181 gold pieces
 21234 | Swamp:1  | Entered Level 1 of the Swamp
 21237 | Swamp:1  | Noticed a thorn hunter
 21238 | Swamp:1  | Reached skill level 12 in Ice Magic
 21246 | Swamp:1  | Killed a thorn hunter
 22037 | D:10     | Noticed Nergalle
 22051 | D:10     | Killed Nergalle
 22264 | D:10     | Found a staircase to the Orcish Mines.
 22691 | D:10     | Found a portal to a secret trove of treasure.
 23606 | D:11     | Identified a scroll of acquirement
 23608 | D:11     | Acquired the Disquisition on Damaging Cold
 23616 | D:11     | Learned a level 4 spell: Ice Form
 23911 | D:11     | Noticed Erolcha
 23927 | D:11     | Killed Erolcha
 24047 | D:11     | Reached skill level 1 in Unarmed Combat
 24420 | D:11     | Acquired 935 gold pieces
 24694 | D:12     | Reached skill level 1 in Fighting
 24767 | D:12     | Reached ****** piety under Qazlal
 24977 | D:12     | Reached skill level 1 in Transmutations
 25849 | D:12     | Reached skill level 1 in Evocations
 25917 | D:13     | Noticed Snorg
 26002 | Orc:1    | Entered Level 1 of the Orcish Mines
 26007 | Orc:1    | Noticed an orc warlord
 26367 | D:10     | HP: 3/89 [orc warlord (25)]
 26367 | D:10     | Slain by an orc warlord

Illustrated notes

Levels and vault maps discovered:
D:1:      nagdon_arrival_double_spiral, layout_loops_ring,
          hellmonk_ecumenical_altar_inner_sanctum
D:2:      minmay_angry_zag, layout_rooms, serial_shops, nicolae_shop_statue_plus
D:3:      layout_basic, serial_shops, nicolae_square_shop, uniq_sigmund,
          uniq_jessica, uniq_terence
D:4:      gammafunk_wand_slinger, layout_basic, serial_shops, shop,
          kennysheep_small_square, uniq_duvessa
D:5:      layout_loops_ring, grunt_decor_arrowhead, hex_medium,
          eino_tiny_chamber, kennysheep_decorative_pillar,
          amcnicky_mini_corridor_feature
D:6:      layout_cave_pools, minmay_temple_entry_glassed_door, st_stairs_8,
          minivault_19, minmay_shop_grid_forest, serial_park_tiny_pond, hex_tiny
D:7:      layout_loops_ring, uniq_maggie
D:8:      layout_rooms, mainiacjoe_overflow_small_starburst,
          david_lair_shrubbed, serial_shops, shop
D:9:      cheibrodos_iron_armory, layout_gridville, grunt_ministairs_1
D:10:     layout_long_grid, david_orc_1_choice, nicolae_trove_entry_columns,
          minmay_misc_feat_secret_circle, uniq_nergalle
D:11:     layout_irregular_city, minivault_27, kennysheep_generic_room_2,
          uniq_erolcha
D:12:     layout_layer_cave
D:13:     lemuel_ice_spiral_2, layout_rooms, guppyfry_shop_earth, uniq_snorg,
          uniq_jorgrun
Temple:   minmay_crystal_snake_temple
Lair:1:   layout_roguey, enter_volcano_2
Lair:2:   layout_regular_city, swamp_mist, infiniplex_staircase_pool_2
Lair:3:   layout_roguey, lemuel_fruit_fields, grunt_megastairs_3
Lair:4:   layout_loops_ring, guppyfry_snake_entry_island, portal_ice_cave_rime
Lair:5:   layout_cave_pods
Lair:6:   grunt_lair_end_beastmaster, layout_small_grid,
          nicolae_slime_entry_slimehenge
Swamp:1:  layout_basic_swamp, evilmike_swamp_ruin_house_2
Orc:1:    layout_caves, basic_altar, mines_bat_river

Skill      XL: |  1  2  3  4  5  6  7  8  9 10 11 12 13 14 |
---------------+-------------------------------------------+-----
Ice Magic      | 4 5 6 7 8 9 10 11 12 | 12.8
Spellcasting   | 3 4 5 6 8 9 10 11 | 11.0
Conjurations   | 1 2 3 4 5 6 7 8 9 |  9.3
Short Blades   | 1 2 |  2.8
Dodging        | 2 3 4 6 7 |  7.2
Translocations | 1 3 4 6 |  6.0
Poison Magic   | 1 3 5 |  5.1
Air Magic      | 3 4 5 |  5.9
Earth Magic    | 1 3 4 5 6 |  6.0
Shields        | 1 |  1.1
Hexes          | 3 5 6 |  6.7
Invocations    | 5 7 |  7.8
Unarmed Combat | 1 |  1.5
Fighting       | 1 |  1.7
Transmutations | 1 |  1.1
Evocations     | 1 |  1.3
Slings         | |  0.1
Stealth        | |  1.7

Action                   |  1- 3 |  4- 6 |  7- 9 | 10-12 | 13-15 || total
-------------------------+-------+-------+-------+-------+-------++-------
Melee: Unarmed           |     3 |       |       |       |     3 ||     6
       Dagger            |    24 |    53 |   252 |    39 |       ||   368
       Staff             |       |       |       |       |     6 ||     6
       Hunting sling     |       |       |       |       |     2 ||     2
 Fire: Hunting sling     |       |       |       |       |     8 ||     8
 Cast: Freeze            |    38 |     9 |     3 |    14 |    77 ||   141
       Frozen Ramparts   |     5 |    13 |    57 |    68 |    70 ||   213
       Ozocubu's Armour  |     1 |     7 |    38 |    50 |    63 ||   159
       Hailstorm         |       |       |     8 |    11 |    58 ||    77
       Magic Dart        |       |       |    17 |    10 |    59 ||    86
       Searing Ray       |       |       |    32 |    85 |    25 ||   142
       Stone Arrow       |       |       |       |    12 |   193 ||   205
       Fulminant Prism   |       |       |       |       |     3 ||     3
       Ice Form          |       |       |       |       |     3 ||     3
  Use: Scroll            |       |     5 |     9 |    12 |    13 ||    39
       Potion            |       |       |     2 |     3 |     1 ||     6
 Stab: Sleeping          |     1 |     1 |       |       |       ||     2
       Invisible         |       |       |     1 |       |       ||     1
Armor: Robe              |     7 |    20 |    98 |       |     5 ||   130
       Steam dragon scal |       |       |    10 |    50 |    81 ||   141
       Skin              |       |       |       |       |     3 ||     3
Dodge: Dodged            |    27 |    27 |   182 |    90 |   178 ||   504
       Repelled          |       |       |       |       |     5 ||     5
Block: Other             |       |       |     3 |    21 |    86 ||   110
